Baba-Jaga, lawful female human Valkyrie ----------- |.........| |<.....a... -.-----a--- ## a # @ ## ##a . .. [. .. --- Baba-Jaga the Fighter Experience level: 7 Strength: 13 Dexterity: 16 Constitution: 18 Intelligence: 9 Wisdom: 9 Charisma: 8 Health: 0(64) Energy: 20(20) AC: 6 Gold: 493 Moves: 2656 Your Inventory: Coins $ - 493 gold pieces Weapons a - the blessed rustproof +1 Excalibur (weapon in hand) b - an uncursed +0 dagger (alternate weapon; not wielded) k - an [uncursed +0] elven dagger (in quiver) B - 8 [uncursed +0] shuriken Armor c - an uncursed +3 small shield (being worn) Comestibles d - 2 uncursed food rations n - an [uncursed] carrot w - an [uncursed] tripe ration y - an [uncursed] slime mold Scrolls t - a [cursed] scroll of identify u - an [uncursed] scroll of identify A - 2 [uncursed] scrolls labeled AQUE BRAGH [of light] Wands o - an [uncursed] wand of speed monster [0:2] Tools e - an uncursed oil lamp (0:1150) l - an uncursed skeleton key r - an uncursed blindfold Gems z - an [uncursed] green gem [worthless glass] Spells known in the end: Name Level Category Fail Memory Your skills at the end: Fighting Skills Weapon Skills dagger [Basic / Expert] long sword [Basic / Expert] Spellcasting Skills Final Attributes: You were piously aligned. Hunger level was 507. Your alignment was 23 / 23. Monster difficulty range was 1 - 7. Level difficulty was 7. You were immune to cold. You were immune to level-drain. You were telepathic. You had automatic searching. You were stealthy. You were fast. You were lucky (1). You are dead. Vanquished creatures: 2 giant beetles a quivering blob an orc mummy a snake an ape 2 fire ants a rock piercer a fog cloud a yellow light a violet fungus a gray ooze a floating eye 2 kittens a centipede a giant bat 2 dwarf zombies 13 killer bees a coyote a hobbit 2 large kobolds a giant rat a yellow mold a red mold 5 jackals a fox 3 grid bugs 2 bats 3 lichens 5 newts 59 creatures vanquished. Voluntary challenges: You were an atheist. You used a wielded weapon 69 times. You read items or engraved 4 times. You put on armor 1 time. You never genocided any monsters. You never polymorphed an object. You never changed form. You used no wishes. You never wrote Elbereth's name. You never encountered a bones level. You never used any Sokoban shortcuts. Dungeon overview: The Dungeons of Doom: levels 1 to 7 Level 1 an altar a long staircase Level 3 a general store, an altar Level 4 a scroll shop stairs to The Gnomish Mines Level 5 a general store, some sinks Level 7 <- You were here The Gnomish Mines: Level 5 stairs to The Dungeons of Doom History has recorded: On T:1 you entered the Dungeons of Doom to retrieve the Amulet of Yendor! On T:470 you reached level 2 of The Dungeons of Doom. On T:774 you reached level 3 of The Dungeons of Doom. On T:820 you advanced to experience level 2. On T:825 you advanced to experience level 3. On T:1172 you advanced to experience level 4. On T:1273 you reached level 4 of The Dungeons of Doom. On T:1503 you reached level 1 of The Gnomish Mines. On T:1518 you advanced to experience level 5. On T:1549 you reached level 5 of The Dungeons of Doom. On T:1690 you advanced to experience level 6. On T:2021 you reached level 6 of The Dungeons of Doom. On T:2085 you advanced to experience level 7. On T:2636 you reached level 7 of The Dungeons of Doom. Latest messages: [HP-3=53] You kill the killer bee! The killer bee stings! The killer bee's sting was poisoned! The snake bites! The killer bee stings! [HP-21=32] You hit the snake! (2x) The snake bites! The killer bee stings! The killer bee's sting was poisoned! [HP-13=19] You kill the snake! The killer bee stings! (2x) [HP-4=15] You hit the orc mummy! [HP+1=16] You destroy the orc mummy! The killer bee stings! [HP-3=13] The killer bee stings! (2x) The killer bee's sting was poisoned! You die... Final status: Farvel Baba-Jaga the Valkyrie... You died in The Dungeons of Doom on dungeon level 7 with 3576 points, and 493 pieces of gold, after 2656 moves. You were level 7 with a maximum of 64 hit points when you died.